 Dungeon Crawl Stone Soup version 0.29.1-13-g9f3cf754e1 (webtiles) character file.

Game seed: 4927608233409294047

12106 Gabide the Basher (level 12, 0/103 HPs)
             Began as a Formicid Berserker on Jan 29, 2023.
             Was an Elder of Trog.
             Killed from afar by an electric eel (6 damage)
             ... with a bolt of electricity
             ... on level 13 of the Dungeon.
             The game lasted 00:13:52 (11070 turns).

Gabide the Basher (Formicid Berserker)             Turns: 11070, Time: 00:13:52

Health: 0/103      AC:  8    Str: 33    XL:     12   Next: 16%
Magic:  12/12      EV: 34    Int:  7    God:    Trog [****..]
Gold:   426        SH:  0    Dex: 13    Spells: 11/11 levels left

rFire   . . .      SeeInvis +   i - +2 flail (protect)
rCold   . . .      Faith    .   g - orb {light}
rNeg    . . .      Spirit   .   x - +1 leather armour "Oshrax" {Contam Rampage Fly rCorr}
rPois   .          Reflect  .   (helmet unavailable)
rElec   .          Harm     .   B - +0 cloak
rCorr   +          Rampage  +   (no gloves)
Will    +++..                   a - +2 pair of boots
Stlth   +.........              m - amulet of the acrobat
HPRegen 1.27/turn               n - +4 ring of evasion
MPRegen 0.13/turn               t - +6 ring of strength

@: strong-willed (expiring), acrobatic, flying, regenerating (expiring),
glowing, studying Fighting
A: permanent stasis, dig shafts and tunnels, antennae 3, four strong arms
a: Dig, Shaft Self, Renounce Religion, Trog's Hand, Brothers in Arms


You were on level 13 of the Dungeon.
You worshipped Trog.
Trog was greatly pleased with you.
You visited 1 branch of the dungeon, and saw 11 of its levels.
You also visited: Bailey.

You collected 636 gold pieces.
You spent 210 gold pieces at shops.

Inventory:

Hand Weapons
 d - a +1 vampiric whip
 i - a +2 flail of protection (weapon)
Armour
 a - a +2 pair of boots (worn)
 g - an orb of light (worn)
 x - the +1 leather armour "Oshrax" (worn) {Contam Rampage Fly rCorr}
   (You found it on level 4 of the Dungeon)

   Fly:       It grants you flight.
   Contam:    It causes magical contamination when unequipped.
   rCorr:     It protects you from acid and corrosion.
   Rampage:   It bestows one free step when moving towards enemies.
 B - a +0 cloak (worn)
Jewellery
 h - a ring of protection from fire
 m - an amulet of the acrobat (around neck)
 n - a +4 ring of evasion (left hand)
 t - a +6 ring of strength (right hand)
Scrolls
 f - a scroll of magic mapping
 k - a scroll of enchant weapon {unknown}
 l - a scroll of acquirement {unknown}
 o - 2 scrolls of vulnerability
 s - 3 scrolls of immolation
 w - 3 scrolls of amnesia
 z - 2 scrolls of silence {unknown}
Potions
 c - 2 potions of heal wounds
 e - a potion of attraction
 j - a potion of curing
 q - a potion of lignification {unknown}
 v - 2 potions of brilliance {unknown}


   Skills:
 + Level 12.9 Fighting
 * Level 13.5 Maces & Flails
 - Level 2.1 Armour
 + Level 8.8 Dodging


You had 11 spell levels left.
You didn't know any spells.
Your spell library was empty.

Dungeon Overview and Level Annotations

Branches:
Dungeon (13/15)            Temple (0/1) D:4             Orc (0/2) D:11
 Bailey (visited)
   Lair: D:8-11      Vaults: D:13-14

Altars:
Ashenzari
Gozag
Qazlal
Wu Jian

Shops:
D:5 *   D:8 ?

Annotations:
D:7 3 runed translucent doors, tykejmi's ghost, novice DjFE


Innate Abilities, Weirdness & Mutations

You cannot be hasted, slowed, berserked, paralysed or teleported.
You can dig through walls and to a lower floor.
You have a pair of large antennae on your head. (SInv)
Your four strong arms can wield two-handed weapons with a shield.


Message History

The orc knight is moderately wounded.
The orc knight roars a battlecry!
The orc priest goes into a battle-frenzy!
You barely miss the orc knight.
The orc knight is moderately wounded.
The orc knight hits you with a +0 war axe.
* * * LOW HITPOINT WARNING * * *
You bludgeon the orc priest!!
You kill the orc priest!
Trog accepts your kill.
You sock the orc knight!
The orc knight is moderately wounded.
The orc knight closely misses you.
Things that are here:
a +0 club; a +0 chain mail; an orc corpse The orc knight attacks as you move away!
The orc knight misses you.
The orc knight attacks as you move away!
The orc knight closely misses you.
The orc priest no longer looks unusually strong.
The orc knight roars a battlecry!
The orc priest goes into a battle-frenzy!
The electric eel shoots out a bolt of lightning at you!
The bolt of electricity hits you.
* * * LOW HITPOINT WARNING * * *
The ogre hits you with a +0 giant club!
* * * LOW HITPOINT WARNING * * *
The orc priest attacks as you move away!
The orc priest completely misses you.
Found a potion of flight.
The orc priest looks encouraged for a moment.
The ogre completely misses you.
The electric eel shoots out a bolt of lightning at you!
The bolt of electricity hits you!
* * * LOW HITPOINT WARNING * * *
The ogre attacks as you move away! The ogre misses you.
You feel the effects of Trog's Hand fading.
The electric eel shoots out a bolt of lightning at you!
The bolt of electricity hits you.
You die...

######## # ###)..# .. ########
### ##. #..#.# !####..)#..##..##
#!#####.#.# ##.#..###.##..##.#.
#....!.##...#.@.#..)..#...#....
##..#<#..#.#...#.###{#.##....##
#..<##<.#.#.##....#.{..#..~...##
##.........~..##..Oo..#.~~~~~...
##~..~~~~.≈~~~~~#~~S~~..~~~≈≈≈~~~
≈≈≈~≈~~≈≈~.~≈≈~#≈≈≈≈≈~~~~~≈≈≈≈≈~≈
≈≈≈≈≈≈≈≈≈#≈≈≈≈≈≈≈≈≈≈≈≈≈≈~≈≈≈≈#≈~≈
≈≈≈≈≈≈≈≈≈≈≈≈~~≈≈≈≈##≈≈≈≈~~≈≈≈#≈#≈
≈≈≈≈≈≈≈≈≈≈≈~≈≈≈≈≈≈≈≈≈≈≈~.~≈≈≈≈≈≈≈


You could see an ogre, an electric eel and an orc priest (strong).

Vanquished Creatures
  A boulder beetle (D:12)
  3 two-headed ogres
  An ogre mage (D:13)
  Amaemon (D:11)
  An orc knight (Bailey)
  2 ugly things
  An orange demon (D:11)
  An unseen horror (D:11)
  Maggie (D:8)
  A tengu conjurer (D:13)
  2 trolls (D:7)
  3 slime creatures (D:12)
  A vampire (D:12)
  A wyvern (D:8)
  A wraith (D:12)
  A water elemental (D:13)
  A basilisk (D:12)
  A steam dragon (D:7)
  3 vampire mosquitoes
  An acid dragon (D:11)
  A water moccasin (D:3)
  A black bear (D:6)
  2 ice beasts
  7 orc warriors
  A sky beast (D:6)
  4 ogres
  9 centaurs
  2 phantoms (D:6)
  3 kobold brigands
  A necrophage (D:5)
  2 scorpions (D:5)
  3 killer bees (D:11)
  2 jellies (D:6)
  A hound (D:5)
  A gnoll bouda (D:3)
  7 orc priests
  9 iguanas
  10 orc wizards
  Natasha (thrice) (D:4)
  8 adders
  14 gnolls
  A white imp (D:7)
  2 ufetubi
  2 worms
  2 dart slugs
  44 orcs
  6 endoplasms
  3 giant cockroaches
  11 goblins
  8 hobgoblins
  17 kobolds
  5 quokkas
  8 ball pythons
  2 bats
  7 frilled lizards
  11 rats
248 creatures vanquished.

Notes
Turn   | Place    | Note
-------+----------+-------------------------------------------
     0 | D:1      | Gabide the Formicid Berserker began the quest for the Orb.
     0 | D:1      | Reached XP level 1. HP: 18/18 MP: 1/1
   248 | D:1      | Reached XP level 2. HP: 13/24 MP: 2/2
   828 | D:1      | Found a faded altar of an unknown god.
   856 | D:1      | Reached XP level 3. HP: 29/29 MP: 3/3
   863 | D:1      | Reached ** piety under Trog
  1393 | D:2      | Reached XP level 4. HP: 37/37 MP: 4/4
  1448 | D:2      | Reached skill level 4 in Maces & Flails
  1634 | D:3      | Reached XP level 5. HP: 26/42 MP: 5/5
  2171 | D:3      | Found a stormy altar of Qazlal.
  2179 | D:3      | Noticed a water moccasin
  2211 | D:3      | HP: 2/42 [poisoned by a water moccasin]
  2214 | D:3      | Killed a water moccasin
  2215 | D:3      | Reached skill level 5 in Maces & Flails
  2215 | D:3      | Reached XP level 6. HP: 16/49 MP: 6/6
  2880 | D:4      | Noticed Natasha
  2921 | D:4      | Killed Natasha
  2922 | D:4      | Reached XP level 7. HP: 55/55 MP: 7/7
  2971 | D:4      | Found a staircase to the Ecumenical Temple.
  3045 | D:4      | Reached skill level 5 in Fighting
  3371 | D:4      | Reached skill level 6 in Maces & Flails
  3469 | D:4      | Identified the +1 leather armour "Oshrax" {Contam Rampage
                  | Fly rCorr}
  3620 | D:4      | Noticed Natasha
  3627 | D:4      | Killed Natasha
  3838 | D:4      | Noticed Natasha
  3855 | D:4      | Killed Natasha
  4012 | D:5      | Entered Level 5 of the Dungeon
  4054 | D:5      | Found Kyev's General Store.
  4111 | D:5      | Reached XP level 8. HP: 62/63 MP: 8/8
  4330 | D:5      | Reached skill level 7 in Maces & Flails
  4338 | D:5      | Reached *** piety under Trog
  5001 | D:6      | Found an opulent altar of Gozag.
  5037 | D:6      | Found a broken altar of Ashenzari.
  5390 | D:6      | Reached skill level 8 in Maces & Flails
  5390 | D:6      | Reached skill level 5 in Dodging
  5390 | D:6      | Reached XP level 9. HP: 41/71 MP: 9/9
  6101 | D:7      | Noticed a manticore
  6104 | D:7      | Noticed a troll
  6105 | D:7      | Noticed tykejmi's ghost (novice DjFE)
  6147 | D:7      | Found a runed translucent gate.
  6147 | D:7      | Found a runed translucent gate.
  6147 | D:7      | Found a runed translucent gate.
  6167 | D:7      | Noticed a troll
  6169 | D:7      | Noticed a troll
  6192 | D:7      | Reached skill level 9 in Maces & Flails
  6538 | D:7      | Killed a troll
  6550 | D:7      | Killed a troll
  6588 | D:7      | Reached XP level 10. HP: 50/80 MP: 10/10
  7258 | D:8      | Found Liol Dui's Magic Scroll Boutique.
  7329 | D:8      | Bought a scroll of vulnerability for 48 gold pieces
  7329 | D:8      | Bought a scroll of identify for 24 gold pieces
  7329 | D:8      | Bought a scroll of fog for 48 gold pieces
  7329 | D:8      | Bought a scroll of enchant armour for 90 gold pieces
  7410 | D:8      | Found a flagged portal.
  7411 | D:8      | Noticed Maggie
  7423 | D:8      | Reached skill level 10 in Maces & Flails
  7442 | D:8      | Killed Maggie
  7620 | Bailey   | Entered a bailey
  7692 | Bailey   | Noticed an orc knight
  7714 | Bailey   | Reached **** piety under Trog
  7873 | Bailey   | Killed an orc knight
  7912 | Bailey   | Identified the +10 plate armour of Impatience {Rampage
                  | rElec Str-2 Dex+6}
  8065 | D:8      | Found an ornate altar of the Wu Jian Council.
  8221 | D:8      | Reached skill level 11 in Maces & Flails
  8356 | D:8      | You are sucked into a shaft and drop 3 floors!
  8721 | D:11     | Reached skill level 10 in Fighting
  8898 | D:11     | Noticed an unseen horror
  8905 | D:11     | Noticed Amaemon
  8905 | D:11     | Noticed an orange demon
  8927 | D:11     | Killed an unseen horror
  8935 | D:11     | Killed Amaemon
  8936 | D:11     | Reached XP level 11. HP: 52/92 MP: 11/11
  9512 | D:11     | Found a staircase to the Orcish Mines.
  9613 | D:12     | Reached skill level 12 in Maces & Flails
  9653 | D:12     | Noticed a two-headed ogre
  9654 | D:12     | Noticed a boulder beetle
  9670 | D:12     | Killed a two-headed ogre
  9712 | D:12     | Killed a boulder beetle
 10537 | D:12     | Noticed a white ugly thing
 10554 | D:12     | Killed a white ugly thing
 10814 | D:12     | Noticed a five-headed hydra
 10847 | D:12     | Noticed a seven-headed hydra
 10888 | D:13     | Noticed a white ugly thing
 10904 | D:13     | Killed a white ugly thing
 10905 | D:13     | Reached skill level 13 in Maces & Flails
 10978 | D:13     | Noticed an ogre mage
 10979 | D:13     | Noticed a two-headed ogre
 10981 | D:13     | Noticed a two-headed ogre
 10991 | D:13     | Noticed an orc knight
 11001 | D:13     | Killed a two-headed ogre
 11002 | D:13     | Reached XP level 12. HP: 81/103 MP: 12/12
 11013 | D:13     | Killed an ogre mage
 11022 | D:13     | HP: 5/103 [orc knight/+0 war axe (20)]
 11046 | D:13     | Killed a two-headed ogre
 11068 | D:13     | HP: 3/103 [electric eel/bolt of electricity (10)]
 11070 | D:13     | Killed from afar by an electric eel

Illustrated notes

Levels and vault maps discovered:
D:1:      psy_arrival_whirlpool, layout_basic,
          shapermc_ecumenical_altar_pompeii, minmay_cupped
D:2:      layout_rooms
D:3:      layout_basic, mainiacjoe_overflow_24_doors
D:4:      layout_basic, minmay_temple_entry_waves, roderic_roman_lattice,
          uniq_natasha
D:5:      layout_basic, serial_shops, nicolae_shop_stone, grunt_decor_fettered
D:6:      layout_basic, nicolae_gozag_cash_rules_everything_around_me,
          mainiacjoe_overflow_alcove_1
D:7:      layout_loops_ring, gammafunk_ghost_split, minmay_manual_moon
D:8:      layout_loops_ring, lemuel_tele_altar, enter_bailey_5, serial_shops,
          shop, uniq_psyche, uniq_pikel, uniq_maggie
D:11:     nicolae_BIG_FREAKIN_CUBE, layout_rooms, orc_0_dummy, uniq_amaemon
D:12:     layout_basic
D:13:     erik_rubicon_b, layout_gridville,
          hangedman_vaults_entry_quadrant_bands, nrook_guardian_serpent_ordinary

Skill      XL: |  1  2  3  4  5  6  7  8  9 10 11 |
---------------+----------------------------------+-----
Dodging        | 2 3 4 5 6 7 8 |  8.8
Maces & Flails | 4 5 6 8 9 11 13 | 13.5
Fighting       | 4 5 6 7 10 12 | 12.9
Armour         | |  2.1

Action                   |  1- 3 |  4- 6 |  7- 9 | 10-12 || total
-------------------------+-------+-------+-------+-------++-------
Melee: Whip              |   120 |   189 |   406 |       ||   715
       Punch             |       |     2 |     6 |       ||     8
       Flail             |       |       |    53 |   403 ||   456
Throw: Throwing net      |       |       |       |     3 ||     3
Invok: Trog's Hand       |       |    10 |     9 |    13 ||    32
 Abil: Dig               |       |       |     4 |       ||     4
  Use: Potion            |       |     3 |       |       ||     3
       Scroll            |       |     1 |     7 |     8 ||    16
 Stab: Sleeping          |     3 |       |       |       ||     3
       Held in net/web   |       |       |       |     4 ||     4
       Distracted        |       |       |       |     1 ||     1
Armor: Animal skin       |    16 |    24 |       |       ||    40
       Leather armour    |       |     5 |    51 |   120 ||   176
Dodge: Dodged            |    61 |   150 |   367 |   427 ||  1005
